 Dungeon Crawl Stone Soup version 0.26-a0-158-g66bac3cce0 (webtiles) character file.

Game seed: 569849004828930983

19568 Flugslaktarn the Frost Mage (level 12, -10/62 HPs)
             Began as a Vine Stalker Ice Elementalist on July 1, 2020.
             Was a High Priest of Cheibriados.
             Mangled by a death yak (19 damage)
             ... in a Gauntlet on July 2, 2020.
             The game lasted 01:16:39 (5679 turns).

Flugslaktarn the Frost Mage (VSIE)                  Turns: 5679, Time: 01:16:39

Health: -10/62     AC:  8    Str: 25    XL:     12   Next: 70%
Magic:  0/22       EV: 20    Int: 32    God:    Cheibriados [*****.]
Gold:   113        SH:  0    Dex: 28    Spells: 9/23 levels left

rFire    . . .     SeeInvis +   D - +1 short sword of Oenomania {venom, +Inv rN+ Stlth+}
rCold    . . .     Faith    .   (no shield)
rNeg     + + .     Spirit   +   i - +3 leather armour
rPois    .         Reflect  .   O - +2 hat {SInv}
rElec    .         Harm     .   R - scarf {repulsion}
rCorr    .         NoTele   +   (no gloves)
MR       +....                  (no boots)
Stlth    ++........             (no amulet)
HPRegen  1.00/turn              t - ring of positive energy
MPRegen  0.18/turn              (no ring)

@: frozen ramparts, contaminated, slowed, glowing, repel missiles, very slow
A: fangs 3, regeneration 2, magic shield, antimagic bite, no potion heal 3, rot
immunity
a: Bend Time, Temporal Distortion, Slouch, Step From Time, Renounce Religion,
Evoke Invisibility


You were in a Gauntlet.
You worshipped Cheibriados.
Cheibriados was extremely pleased with you.
You were hungry.

You visited 3 branches of the dungeon, and saw 14 of its levels.
You also visited: Gauntlet.

You collected 1038 gold pieces.
You spent 925 gold pieces at shops.

Inventory:

Hand Weapons
 y - a +1 falchion of holy wrath
   (You found it on level 4 of the Dungeon)
 B - a +0 halberd
   (You took it off an orc warrior on level 7 of the Dungeon)
 D - the +1 short sword of Oenomania (weapon) {venom, +Inv rN+ Stlth+}
   (You took it off a big kobold on level 8 of the Dungeon)

   It poisons the flesh of those it strikes.
   It protects you from negative energy.
   It lets you turn invisible.
   It makes you more stealthy.
 E - a +1 short sword of distortion
   (You took it off a big kobold on level 8 of the Dungeon)
 F - a +2 glaive of flaming
   (You found it on level 8 of the Dungeon)
 N - a +3 scimitar of flaming
   (You took it off Erica on level 8 of the Dungeon)
Missiles
 e - 17 poisoned darts
 k - 4 javelins
 m - 169 arrows
 p - 14 boomerangs
 C - 7 curare-tipped darts (quivered)
 H - 3 throwing nets
Armour
 f - a +2 cloak
   (You took it off Maurice on level 9 of the Dungeon)
 i - a +3 leather armour (worn)
   (You took it off an orc on level 7 of the Dungeon)
 G - +0 swamp dragon scales
   (You found it on level 8 of the Dungeon)
 J - a +2 ring mail of magic resistance
   (You found it on level 10 of the Dungeon)
 O - a +2 hat of see invisible (worn)
   (You took it off Gastronok on level 11 of the Dungeon)
 R - a scarf of repulsion (worn)
   (You found it in a Gauntlet)
Jewellery
 t - a ring of positive energy (left hand)
   (You found it on level 4 of the Dungeon)
Wands
 d - a wand of disintegration (1)
   (You took it off Maurice on level 9 of the Dungeon)
 v - a wand of enslavement (7)
   (You found it on level 9 of the Dungeon)
 w - a wand of digging (5)
   (You found it on level 4 of the Dungeon)
 A - a wand of polymorph (4)
   (You took it off a big kobold on level 8 of the Dungeon)
 M - a wand of flame (9)
   (You found it on level 10 of the Dungeon)
Scrolls
 b - 5 scrolls of remove curse
 j - 2 scrolls of enchant armour
 o - 2 scrolls of magic mapping
 q - 2 scrolls of amnesia
 r - a scroll of torment {unknown}
 u - 2 scrolls of fear
 x - a scroll of summoning {unknown}
 I - 4 scrolls of teleportation
 P - a scroll of fog {unknown}
 Q - a scroll of blinking
Potions
 a - a potion of cancellation
 g - a potion of might
 h - a potion of mutation
 l - a potion of flight
 n - a potion of brilliance {unknown}
 s - 2 potions of curing
 z - a potion of magic {unknown}
 K - a potion of heal wounds {unknown}
 L - a potion of stabbing {unknown}
Comestibles
 c - 6 rations


   Skills:
 - Level 6.4 Fighting
 - Level 8.0 Dodging
 - Level 2.4 Stealth
 - Level 5.6 Unarmed Combat
 - Level 6.0 Spellcasting
 - Level 3.0 Summonings
 + Level 6.3 Transmutations
 - Level 8.0 Ice Magic
 + Level 6.4 Earth Magic
 - Level 8.0 Invocations
 - Level 4.6 Evocations


You had 9 spell levels left.
You knew the following spells:

 Your Spells              Type           Power        Failure   Level  Hunger
a - Freeze                Ice            ####         1%          1    None
b - Frozen Ramparts       Ice            ######       1%          3    None
c - Statue Form           Tmut/Erth      ######...    52%         6    ######.
d - Summon Ice Beast      Ice/Summ       #####...     5%          4    ##.....

Your spell library contained the following spells:

 Spells                   Type           Power        Failure   Level  Hunger
 Ozocubu's Armour         Chrm/Ice       #####...     3%          3    None
 Stone Arrow              Conj/Erth      ####..       4%          3    None
 Shock                    Conj/Air       #...         5%          1    None
 Corpse Rot               Necr/Air       N/A          8%          2    None
 Swiftness                Chrm/Air       #.......     8%          2    None
 Hailstorm                Conj/Ice       #####...     10%         4    ##.....
 Static Discharge         Conj/Air       #.......     16%         3    None
 Irradiate                Conj/Tmut      ####......   36%         5    #####..
 Airstrike                Air            #.........   45%         4    ##.....
 Hydra Form               Tmut           ######....   52%         6    ######.
 Summon Forest            Summ/Tloc      ###.......   61%         5    #####..
 Lightning Bolt           Conj/Air       #.........   82%         5    #####..
 Eringya's Noxious Bog    Tmut/Pois      ####......   91%         6    ######.
 Dragon Form              Tmut           ######....   97%         7    #######
 Summon Hydra             Summ           ####......   100%        7    #######


Dungeon Overview and Level Annotations

Branches:
Dungeon (11/15)            Temple (0/1) D:4            Lair (1/6) D:11
    Orc (2/2) D:9             Elf (0/3) Orc:2       Gauntlet (1/1)

Altars:
Cheibriados
Gozag
Makhleb
Wu Jian
Zin
Beogh

Shops:
D:6 *   D:9 *   Orc:2 ?}*:

Annotations:
D:2 Sigmund
D:4 Ijyb
D:9 3 runed translucent doors, exclusion: obsidian statue, Flugslaktarn's ghost, novice GnFE
D:11 Erolcha Gauntlet 6 transporters


Innate Abilities, Weirdness & Mutations

You have razor-sharp teeth.
You heal very quickly.
When hurt, damage is shared between your health and your magic reserves.
Your bite disrupts and absorbs the magic of your enemies.
Potions cannot restore your health.
You are immune to rotting.


Message History

The wall freezes the death yak.
The wall freezes the death yak! x2
Unknown command.
You completely miss the death yak. You bite the death yak.
You kill the death yak!
Cheibriados thoroughly appreciates the change of pace.
You flicker for a moment.
The wall freezes the death yak.
The wall freezes the death yak!
The death yak gores you but does no damage.
You hit the death yak but do no damage.
The death yak is poisoned.
You bite the death yak. You drain its power.
You feel invigorated.
The death yak is heavily wounded.
The frozen ramparts melt away.
The death yak gores you!
Unknown command.
Unknown command.
Evoke which item? (* to show all) (? for menu, Esc to quit)
Aiming: Enslavement
Press: ? - help, Shift-Dir - straight line, f - death yak
Aim: a death yak (lightly wounded, chance to defeat MR: 5%)
Okay, then.
Unknown command.
Unknown command.
Okay, then.
The flow of time bends around you.
Cheibriados rebukes the death yak.
The death yak seems to slow down.
Cheibriados rebukes the death yak.
The death yak seems to slow down.
You feel slightly more hungry. The death yak gores you!!
* * * LOW HITPOINT WARNING * * *
The death yak gores you but does no damage.
Casting: Statue Form (extremely dangerous; 52% risk of failure)
Confirm with . or Enter, or press ? or * to list all spells.
The walls around you are covered in ice.
The wall freezes the death yak.
Unknown command.
You hit the death yak but do no damage.
The death yak is poisoned.
You bite the death yak, but do no damage.
The death yak is lightly wounded.
The wall freezes the death yak!
The death yak gores you.
* * * LOW HITPOINT WARNING * * *
The wall freezes the death yak!
The death yak gores you!!
* * * LOW HITPOINT WARNING * * *
Being near the torpor snail leaves you feeling lethargic.
Unknown command.
Blink to where?
Press: ? - help, Dir - move target cursor
As you read the scroll of blinking, it crumbles to dust.
You flicker back into view.
The wall freezes the death yak!
The death yak gores you!!
You die...

#.#.#..### ### ##
#.#.#..#8# #8# #8#
..#.#..###############
###.#..............#8#
§≈#.#..............####
###.#############....≈###
...©...........©#.....#8
#####################.#
..##.#..#.#.....@...#.#
##.#..#^#.#...###Y..#.###
.##.^#.##.#....#.YYw#.#8#
#..#..©##.#.#..#©§#.#.###
#P^.#####.#.#######Y#.#
3### ...#.#.#. ..#.#.#
.#. #..^.#.#8# .#
#.#.^.#.### |.©?"..#.#


You could see 4 death yaks and a torpor snail.

Vanquished Creatures
  Gastronok (D:11)
  Josephine (D:11)
  Harold (D:8)
  2 two-headed ogres (D:10)
  A death yak (Gauntlet)
  Nergalle (Orc:1)
  The ghost of drasked the Reanimator, a novice VSNe (D:8)
  Pikel (D:9)
  An orc knight (Orc:2)
  2 trolls (Orc:2)
  3 hornets
  Grinder (D:5)
  3 centaur simulacra (Gauntlet)
  A hippogriff (D:11)
  5 wraiths (D:11)
  A golden eye (D:8)
  A hungry ghost (D:11)
  Menkaure (D:4)
  A warg (Orc:2)
  A black bear (D:10)
  A slave (D:9)
  27 orc warriors
  An ice beast (D:5)
  An eye of draining (D:10)
  2 necrophages
  2 sky beasts
  7 ogres
  8 centaurs
  A crocodile (D:10)
  11 big kobolds
  7 bullfrogs
  2 scorpions
  6 killer bees (D:11)
  2 wights (D:8)
  5 howler monkeys
  A centaur zombie (D:6)
  2 jellies
  A wyvern simulacrum (Gauntlet)
  A hound (D:8)
  8 orc priests
  Crazy Yiuf (D:4)
  A bullfrog skeleton (D:11)
  3 iguanas
  5 orc wizards
  3 worker ants
  A killer bee zombie (D:6)
  A bullfrog simulacrum (Gauntlet)
  2 hound skeletons
  2 worker ant zombies
  2 gnolls (D:7)
  A howler monkey skeleton (D:8)
  6 adders
  A shadow imp (D:6)
  A white imp (D:9)
  An ufetubus (D:3)
  An ooze (D:5)
  An adder skeleton (D:5)
  A worm (D:2)
  A dart slug (D:1)
  3 leopard geckos
  46 orcs
  2 ball pythons
  2 bats (D:3)
  5 giant cockroaches
  3 hobgoblins
  3 quokkas
  3 frilled lizards
  2 goblins (D:1)
  A jackal skeleton (D:4)
  22 kobolds
  2 quokka zombies
  5 rats
260 creatures vanquished.

Vanquished Creatures (collateral kills)
  Erica (D:8)
  A two-headed ogre (D:9)
  An orc knight (Orc:2)
  A cyclops (Orc:2)
  Maurice (D:9)
  A komodo dragon (Lair:1)
  A hippogriff (D:8)
  A warg (Orc:2)
  A black bear (D:9)
  A slave (D:9)
  5 orc warriors
  2 ogres
  3 centaurs
  3 big kobolds (D:8)
  A wight (D:8)
  A howler monkey (D:8)
  A centaur zombie (D:10)
  2 orc priests
  5 orc wizards
  A centaur skeleton (D:10)
  A hound zombie (D:6)
  2 gnolls (D:7)
  A howler monkey skeleton (D:7)
  An adder (D:6)
  A white imp (D:8)
  An ooze (D:7)
  A worm (D:6)
  A leopard gecko (D:8)
  11 orcs
  4 kobolds (D:8)
58 creatures vanquished.

Vanquished Creatures (others)
  An orc knight (Orc:2)
  An ugly thing (D:11)
  2 slaves (D:9)
  An orc (Orc:1)
  A demonic plant (Gauntlet)
6 creatures vanquished.

Grand Total: 324 creatures vanquished

Notes
Turn   | Place    | Note
-------+----------+-------------------------------------------
     0 | D:1      | Flugslaktarn the Vine Stalker Ice Elementalist began the
                  | quest for the Orb.
     0 | D:1      | Reached XP level 1. HP: 9/9 MP: 4/4
    66 | D:1      | Reached XP level 2. HP: 11/13 MP: 1/6
   117 | D:2      | Upgraded the game from 0.26-a0-154-g3d63440f56 to
                  | 0.26-a0-158-g66bac3cce0
   193 | D:2      | Noticed Sigmund
   295 | D:1      | Reached XP level 3. HP: 5/16 MP: 6/8
   316 | D:2      | Learned a level 3 spell: Frozen Ramparts
   482 | D:3      | Found a snail-covered altar of Cheibriados.
   487 | D:3      | Found an opulent altar of Gozag.
   494 | D:3      | Became a worshipper of Cheibriados the Contemplative
   754 | D:3      | Gained mutation: Your natural rate of healing is unusually
                  | fast. [Vine Stalker growth]
   754 | D:3      | Reached XP level 4. HP: 16/21 MP: 5/10
   799 | D:3      | Reached * piety under Cheibriados
   861 | D:4      | Learned a level 4 spell: Summon Ice Beast
   883 | D:4      | Found a runed translucent door.
   884 | D:4      | Noticed Crazy Yiuf
   891 | D:4      | Killed Crazy Yiuf
   891 | D:4      | Reached skill level 5 in Ice Magic
   980 | D:4      | Noticed Menkaure
   989 | D:4      | Killed Menkaure
   989 | D:4      | Reached XP level 5. HP: 22/24 MP: 5/12
   989 | D:4      | Reached XP level 6. HP: 26/28 MP: 5/13
  1028 | D:4      | Noticed Ijyb
  1163 | D:5      | Entered Level 5 of the Dungeon
  1196 | D:4      | Found a staircase to the Ecumenical Temple.
  1276 | D:5      | Noticed an ice beast
  1300 | D:5      | Killed an ice beast
  1300 | D:5      | Reached skill level 1 in Summonings
  1328 | D:5      | Found a glowing silver altar of Zin.
  1536 | D:6      | Reached XP level 7. HP: 21/32 MP: 6/14
  1737 | D:6      | Found a snail-covered altar of Cheibriados.
  1889 | D:5      | Noticed Grinder
  1933 | D:5      | Paralysed by Grinder for 5 turns
  1943 | D:5      | Killed Grinder
  1943 | D:5      | Reached skill level 1 in Fighting
  1997 | D:5      | Gained mutation: You have razor-sharp teeth. [Vine Stalker
                  | growth]
  1997 | D:5      | Reached XP level 8. HP: 23/37 MP: 7/15
  2128 | D:5      | Reached ** piety under Cheibriados
  2184 | D:6      | Found Dodisuont's General Store.
  2257 | D:7      | You fall into a shaft and drop 1 floor!
  2284 | D:8      | Noticed Maggie
  2458 | D:8      | Found a runed translucent gate.
  2459 | D:8      | Found a runed translucent gate.
  2460 | D:8      | Found a runed translucent gate.
  2460 | D:8      | Identified the +1 short sword of Oenomania {venom, +Inv rN+
                  | Stlth+}
  2461 | D:8      | Noticed drasked's ghost (novice VSNe)
  2481 | D:8      | Killed drasked's ghost
  2481 | D:8      | Reached skill level 5 in Fighting
  2481 | D:8      | Reached skill level 5 in Dodging
  2481 | D:8      | Reached XP level 9. HP: 8/47 MP: 1/16
  2609 | D:7      | Reached *** piety under Cheibriados
  2662 | D:7      | Found an ornate altar of the Wu Jian Council.
  2691 | D:8      | Reached skill level 1 in Invocations
  2773 | D:8      | Reached skill level 1 in Unarmed Combat
  2836 | D:8      | Noticed Harold
  2853 | D:8      | Killed Harold
  2853 | D:8      | Reached XP level 10. HP: 23/53 MP: 15/17
  2875 | D:8      | Noticed Maggie
  2875 | D:8      | Maggie changed into Maggie the golden eye
  2877 | D:8      | Killed Maggie the golden eye
  2914 | D:8      | Noticed Erica
  3111 | D:9      | Found a staircase to the Orcish Mines.
  3150 | D:9      | Noticed Pikel
  3151 | D:9      | Found a burning altar of Makhleb.
  3157 | D:9      | Killed Pikel
  3169 | D:9      | Got a pitted leather armour
  3182 | D:9      | Identified the cursed +1 leather armour of Inviolability
                  | {rN++} (You found it on level 9 of the Dungeon)
  3218 | D:9      | Noticed a two-headed ogre
  3220 | D:9      | Noticed Maurice
  3225 | D:9      | Killed a two-headed ogre
  3225 | D:9      | Reached skill level 5 in Unarmed Combat
  3244 | D:9      | Killed Maurice
  3289 | D:9      | Reached **** piety under Cheibriados
  3481 | D:9      | Found a runed translucent gate.
  3481 | D:9      | Found a runed translucent gate.
  3481 | D:9      | Found an opulent altar of Gozag.
  3481 | D:9      | Found a runed translucent gate.
  3482 | D:9      | Found Vunwoxza's Assorted Antiques.
  3482 | D:9      | Noticed a deep troll
  3482 | D:9      | Noticed an obsidian statue
  3482 | D:9      | Noticed Flugslaktarn's ghost (novice GnFE)
  3644 | D:10     | Entered Level 10 of the Dungeon
  3748 | D:10     | Reached skill level 5 in Spellcasting
  3761 | D:10     | Noticed a two-headed ogre
  3780 | D:10     | Killed a two-headed ogre
  3860 | D:10     | Noticed a two-headed ogre
  3866 | D:10     | Killed a two-headed ogre
  3866 | D:10     | Reached skill level 5 in Invocations
  3866 | D:10     | Reached XP level 11. HP: 56/56 MP: 8/20
  3938 | D:10     | Noticed Sonja
  3941 | D:10     | Noticed Sonja
  3941 | D:10     | Sonja changed into Sonja the ogre
  3945 | D:10     | Killed Sonja the ogre
  3976 | D:9      | Reached ***** piety under Cheibriados
  4078 | D:9      | Found a roughly hewn altar of Beogh.
  4157 | Orc:1    | Entered Level 1 of the Orcish Mines
  4157 | Orc:1    | Noticed Nergalle
  4197 | Orc:1    | Found a roughly hewn altar of Beogh.
  4202 | Orc:1    | Noticed a spectral orc warlord
  4206 | Orc:1    | Killed Nergalle
  4268 | Orc:2    | Entered Level 2 of the Orcish Mines
  4269 | Orc:2    | Noticed a cyclops
  4282 | Orc:2    | Killed a cyclops
  4426 | Orc:1    | Noticed a stone giant
  4584 | Orc:2    | Noticed an orc knight
  4596 | Orc:2    | Killed an orc knight
  4613 | Orc:2    | Noticed an orc knight
  4644 | Orc:2    | Noticed an orc knight
  4729 | Orc:2    | Killed an orc knight
  4736 | Orc:2    | Killed an orc knight
  4834 | Orc:2    | Found a roughly hewn altar of Beogh.
  4882 | Orc:2    | Found a staircase to the Elven Halls.
  4976 | Orc:2    | Found Isyoxipp's General Store.
  4976 | Orc:2    | Found Gejamosk's Gadget Shop.
  4978 | Orc:2    | Found Xotogh's Magic Scroll Boutique.
  4980 | Orc:2    | Found Qagol's Book Emporium.
  4984 | Orc:2    | Bought a book of Transfigurations for 715 gold pieces
  4991 | Orc:2    | Learned a level 6 spell: Statue Form
  4996 | Orc:2    | Bought 3 scrolls of teleportation for 126 gold pieces
  4996 | Orc:2    | Bought a scroll of teleportation for 42 gold pieces
  4996 | Orc:2    | Bought a scroll of teleportation for 42 gold pieces
  5137 | D:8      | Killed Erica
  5137 | D:8      | Reached skill level 1 in Transmutations
  5137 | D:8      | Reached skill level 1 in Earth Magic
  5238 | D:11     | Noticed Josephine
  5240 | D:11     | Gained mutation: You heal very quickly. [Vine Stalker
                  | growth]
  5240 | D:11     | Reached XP level 12. HP: 26/62 MP: 5/22
  5306 | D:11     | Killed Josephine
  5315 | D:11     | Noticed Gastronok
  5381 | D:11     | Killed Gastronok
  5381 | D:11     | Reached skill level 5 in Transmutations
  5381 | D:11     | Reached skill level 5 in Earth Magic
  5436 | D:11     | Noticed Erolcha
  5481 | D:11     | Found a staircase to the Lair.
  5490 | Lair:1   | Entered Level 1 of the Lair of Beasts
  5504 | Lair:1   | Found a gate leading to a gauntlet.
  5513 | Gauntlet | Entered a Gauntlet
  5513 | Gauntlet | Found a transporter.
  5528 | Gauntlet | Found a transporter.
  5548 | Gauntlet | Found a transporter.
  5564 | Gauntlet | Found a transporter.
  5564 | Gauntlet | Found a transporter.
  5575 | Gauntlet | Found a transporter.
  5581 | Gauntlet | Found a transporter.
  5599 | Gauntlet | Found a transporter.
  5618 | Gauntlet | Found a transporter.
  5656 | Gauntlet | Found a transporter.
  5656 | Gauntlet | Noticed a wretched star
  5665 | Gauntlet | Noticed a death yak
  5665 | Gauntlet | Noticed a death yak
  5666 | Gauntlet | Noticed a death yak
  5666 | Gauntlet | Noticed a death yak
  5666 | Gauntlet | Noticed a death yak
  5667 | Gauntlet | Found the macabre finger necklace {rN+}
  5670 | Gauntlet | Found a transporter.
  5674 | Gauntlet | Killed a death yak
  5679 | Gauntlet | Mangled by a death yak

Illustrated notes

Levels and vault maps discovered:
D:1:      roderic_dead_forest, layout_rooms
D:2:      layout_loops_ring, cheibrodos_gnoll_hut, uniq_sigmund
D:3:      layout_loops_ring, chequers_temple_overflow_statue_of_worship,
          first_ration
D:4:      layout_loops_cross, minmay_temple_entry_trees, uniq_ijyb,
          uniq_crazy_yiuf_cottage, uniq_menkaure
D:5:      layout_cave_pods, nicolae_overflow_crystal_walls, uniq_grinder,
          uniq_prince_ribbit1
D:6:      layout_basic, kennysheep_okawaru_gauntlet,
          yredelemnul_forgotten_temple_becter, serial_shops, shop,
          cheibrodos_worm_habitat
D:7:      layout_cave_pools, kennysheep_mini
D:8:      layout_layer_cave, gammafunk_ghost_nasty_kobolds, uniq_maggie,
          uniq_erica, uniq_harold
D:9:      layout_gridville, minmay_orc_entry_temple_small, ebering_ghost_gozag,
          grunt_pizzeria, serial_bayou_lagoon_a, bloody_makhleb, uniq_pikel,
          uniq_maurice
D:10:     layout_cave_pools, minmay_starry_boxes, uniq_sonja
D:11:     layout_cave_pools, lair_entry_dummy, minivault_23, uniq_gastronok,
          uniq_erolcha, uniq_josephine
Lair:1:   layout_cave_pods, gauntlet_entry_generic
Orc:1:    layout_caves, basic_altar, uniq_nergalle
Orc:2:    st_orc_rangers, layout_caves, mines1_david
Gauntlet: gammafunk_gauntlet_one_two_three [gammafunk_gauntlet_arena_grid,
          nicolae_gauntlet_arena_quarters, gammafunk_gauntlet_arena_corners,
          nicolae_gauntlet_arena_grate_2, gammafunk_gauntlet_arena_teeth,
          nicolae_gauntlet_arena_x, gammafunk_gauntlet_arena_split_diamond,
          gammafunk_gauntlet_arena_mazey, nicolae_gauntlet_arena_t_cross,
          gauntlet_exit_spiral]

Skill      XL: |  1  2  3  4  5  6  7  8  9 10 11 12 |
---------------+-------------------------------------+-----
Spellcasting   | 3 4 5 6 |  6.0
Ice Magic      | 6 7 8 |  8.0
Summonings     | 1 3 |  3.0
Fighting       | 1 5 6 |  6.4
Dodging        | 2 5 6 8 |  8.0
Invocations    | 2 5 8 |  8.0
Unarmed Combat | 3 5 |  5.6
Evocations     | 2 4 |  4.6
Transmutations | 2 6 |  6.3
Earth Magic    | 2 6 |  6.4
Stealth        | |  2.4

Action                   |  1- 3 |  4- 6 |  7- 9 | 10-12 || total
-------------------------+-------+-------+-------+-------++-------
Melee: Short sword       |    27 |    22 |    18 |   260 ||   327
       Bite              |     4 |     7 |    39 |   159 ||   209
       Unarmed           |       |     4 |       |       ||     4
       Falchion          |       |     9 |    56 |       ||    65
       Punch             |       |       |       |    14 ||    14
       Glaive            |       |       |       |     1 ||     1
Throw: Dart              |       |     2 |     5 |     5 ||    12
 Cast: Freeze            |    20 |     5 |       |       ||    25
       Frozen Ramparts   |     6 |     9 |    20 |    37 ||    72
       Summon Ice Beast  |       |     1 |    19 |    59 ||    79
Invok: Temporal Distorti |       |       |       |     1 ||     1
       Slouch            |       |       |       |     7 ||     7
       Bend Time         |       |       |       |     1 ||     1
 Abil: Evoke Invisibilit |       |       |     1 |    11 ||    12
Evoke: Wand              |       |       |       |    13 ||    13
  Use: Scroll            |     5 |     1 |     5 |    10 ||    21
       Potion            |     1 |     1 |     3 |     3 ||     8
 Stab: Sleeping          |     4 |     2 |       |     4 ||    10
       Invisible         |       |       |     1 |    10 ||    11
       Distracted        |       |       |       |     2 ||     2
  Eat: Ration            |       |     2 |     1 |     5 ||     8
       Chunk             |       |       |       |     1 ||     1
Armor: Robe              |    12 |     5 |     9 |       ||    26
       Leather armour    |       |       |     6 |    65 ||    71
Dodge: Dodged            |    16 |    25 |    84 |   412 ||   537
       Rpst.: Falchion   |       |     2 |    21 |       ||    23

Table legend:
 A = Non-vault XP
 B = Vault XP
 C = Vault XP percentage of total XP
 D = Non-vault monster count
 E = Vault monster count
 F = Vault count percentage of total count
                 A         B        C        D         E       F
            +---------+---------+-------+---------+---------+-------
      Total |   11616 |   16339 |  58.4 |     236 |      81 |  25.6
            +---------+---------+-------+---------+---------+-------
        D:1 |      23 |       0 |   0.0 |      14 |       0 |   0.0
        D:2 |      29 |       0 |   0.0 |       8 |       0 |   0.0
        D:3 |      64 |       0 |   0.0 |      17 |       0 |   0.0
        D:4 |     113 |     224 |  66.5 |       5 |       2 |  28.6
        D:5 |     231 |     197 |  46.0 |       8 |       1 |  11.1
        D:6 |     393 |       3 |   0.8 |      16 |       1 |   5.9
        D:7 |     328 |       0 |   0.0 |      17 |       0 |   0.0
        D:8 |     948 |    3554 |  78.9 |      30 |      14 |  31.8
        D:9 |    1325 |    1405 |  51.5 |      21 |      14 |  40.0
       D:10 |    2156 |    1051 |  32.8 |      26 |       4 |  13.3
       D:11 |    2896 |    3732 |  56.3 |      33 |       7 |  17.5
     Lair:1 |     169 |       0 |   0.0 |       1 |       0 |   0.0
      Orc:1 |     698 |     503 |  41.9 |      15 |       1 |   6.2
      Orc:2 |    2243 |    3437 |  60.5 |      25 |      29 |  53.7
   Gauntlet |       0 |    2233 | 100.0 |       0 |       8 | 100.0
            +---------+---------+-------+---------+---------+-------
